 Dungeon Crawl Stone Soup version 0.27-a0-909-g0721f309d1 (webtiles) character file.

Game seed: 734770604545677082

9 Alarkh the Insei (level 2, 4/22 HPs)
             Began as a Demonspawn Gladiator on Apr 8, 2021.
             Got out of the dungeon alive.
             The game lasted 00:00:19 (162 turns).

Alarkh the Insei (Demonspawn Gladiator)              Turns: 162, Time: 00:00:19

Health: 4/22       AC:  3    Str: 14    XL:     2   Next: 3%
Magic:  2/2        EV: 12    Int:  9    God:
Gold:   0          SH:  0    Dex: 14    Spells: 1/1 levels left

rFire    . . .     SeeInvis .     - Unarmed
rCold    . . .     Faith    .   (no shield)
rNeg     . . .     Spirit   .   a - +0 leather armour
rPois    .         Reflect  .   (helmet restricted)
rElec    .         Harm     .   (no cloak)
rCorr    .         Rampage  .   (no gloves)
Will     .....                  (no boots)
Stlth    +.........             (no amulet)
HPRegen  0.07/turn              (no ring)
MPRegen  0.08/turn              (no ring)

@: no status effects
A: horns 1
a: no special abilities


You escaped.
You visited 1 branch of the dungeon, and saw 1 of its levels.

Inventory:

Missiles
 c - 3 throwing nets (quivered)
Armour
 a - a +0 leather armour (worn)
 b - a +0 helmet
Jewellery
 e - a ring of wizardry
Scrolls
 d - a scroll of enchant armour {unknown}


   Skills:
 + Level 2.2 Fighting
 - Level 1.7 Throwing
 - Level 2.6 Dodging
 * Level 3.1 Unarmed Combat


You had one spell level left.
You didn't know any spells.
Your spell library was empty.

Dungeon Overview and Level Annotations

Branches:
Dungeon (1/15)

Altars:


Innate Abilities, Weirdness & Mutations

You have a pair of small horns on your head.


Message History

The jackal barely misses you.
You closely miss the frilled lizard. The frilled lizard barely misses you.
The jackal bites you but does no damage.
You miss the frilled lizard. The jackal barely misses you.
The frilled lizard bites you but does no damage.
You hit the frilled lizard.
You kill the frilled lizard!
The jackal closely misses you. The jackal misses you.
Items here: ) †††.
You hit the jackal.
The jackal is severely wounded.
The jackal barely misses you.
You barely miss the jackal.
The jackal is severely wounded.
The jackal bites you but does no damage. x2
You hit the jackal.
You kill the jackal!
You hit the frilled lizard but do no damage.
The frilled lizard closely misses you.
You hit the frilled lizard.
You kill the frilled lizard!
You have reached level 2!
Your demonic ancestry asserts itself...
A pair of horns grows on your head!
Your +0 helmet falls away!
You completely miss the frilled lizard.
Your headbutt misses the frilled lizard.
The frilled lizard barely misses you.
You hit the frilled lizard.
You kill the frilled lizard!
Items here: ) †††.
You enter the shallow water.
Moving in this stuff is going to be slow.
You open the large door.
There is a large open door here.
There is a fountain of clear blue water here.
There is a large open door here.
There is a staircase leading out of the dungeon here.
Are you sure you want to leave the Dungeon?
This will make you lose the game!
You have escaped!

#....≈≈≈≈≈≈≈≈≈≈≈≈≈≈≈≈≈≈≈≈≈≈≈....
#....≈≈≈≈≈≈≈≈≈≈≈≈≈≈≈≈≈≈≈≈≈≈≈....
##...≈≈≈#+#'#≈≈≈≈≈≈≈#'#'#≈≈≈...#
##...≈≈≈'(..##+###'##...'≈≈≈...#
.....≈≈≈'...'.......'...'≈≈≈...#
.....≈≈≈#'###.#####.###'#≈≈≈...#
......≈≈≈≈#...#...#...+≈≈≈≈≈...#
....⌠..≈≈≈'.⌠.'...###.#≈≈≈≈≈..=#
....⌠..≈≈≈'.⌠.'.@.###.#≈≈≈≈≈...#
......≈≈≈≈#...#...#...+≈≈≈≈≈....
.....≈≈≈#+#+#.#####.###+#≈≈≈....
.....≈≈≈+ #.......# ≈≈≈...
.....≈≈≈+ ##+###'## ≈≈≈...
#....≈≈≈# #≈≈≈≈≈≈≈# #....≈≈≈≈
≈≈≈≈≈≈≈≈≈≈≈ ...≈ ≈≈≈≈≈≈≈≈≈≈≈≈≈
≈≈≈≈≈≈≈≈≈≈≈≈≈≈≈


There were no monsters in sight!

Vanquished Creatures
  2 jackals (D:1)
  8 frilled lizards (D:1)
  A goblin (D:1)
11 creatures vanquished.

Notes
Turn   | Place    | Note
-------+----------+-------------------------------------------
     0 | D:1      | Alarkh the Demonspawn Gladiator began the quest for the
                  | Orb.
     0 | D:1      | Reached XP level 1. HP: 16/16 MP: 1/1
   125 | D:1      | Reached skill level 3 in Unarmed Combat
   136 | D:1      | Gained mutation: You have a pair of small horns on your
                  | head. [demonic ancestry]
   136 | D:1      | Reached XP level 2. HP: 2/22 MP: 2/2
   162 | D:$      | Got out of the dungeon alive.

Illustrated notes

Levels and vault maps discovered:
D:1:      dpeg_arrival_castle, layout_basic, minmay_lizard_pond

Skill      XL: |  1 |
---------------+----+-----
Unarmed Combat | 3 |  3.1
Fighting       | |  2.2
Throwing       | |  1.7
Dodging        | |  2.6

Action                   || total
-------------------------++-------
Melee: Unarmed           ||    38
Armor: Leather armour    ||    10
Dodge: Dodged            ||    24

Table legend: (Time is in decaauts)
 A = Elapsed time spent in this place.
 B = Non-inter-level travel time spent in this place.
 C = Inter-level travel time spent in this place.
 D = Time resting spent in this place.
 E = Time spent auto-exploring this place.
 F = Levels seen in this place.
 G = Mean time per level.
                   A        B        C        D        E       F      G
               +--------+--------+--------+--------+--------+-----+--------+
         Total |    163 |    140 |     23 |      0 |     86 |   1 |  163.0 |
       Dungeon |    163 |    140 |     23 |      0 |     86 |   1 |  163.0 |
               +--------+--------+--------+--------+--------+-----+--------+

Top non-repeatable levels by time:
     D:1: 163 daAuts
